Map: Eternal Empire LE

Players

Reynor

  • Race: Zerg Zerg
  • League: Master
  • Spawn Location: 1:00

TYTY (TY) - Winner!

  • Race: Terran Terran
  • League: Master
  • Spawn Location: 7:00

Event: DreamHack SC2 Masters 2020 Fall

VOD

Have the link to the VOD?

Description

Time

  • Played on: Sept. 19, 2020, 11:50 a.m.
  • Length: 16:27

All games in this series

Show
View Real Time Build Order
Export as new Build Order

Reynor Zerg 

Build Orders: Hatch First 

Get SALT Encoding   

  12  0:00  Drone  
  13  0:12  Overlord  
  13  0:17  Drone  
  14  0:30  Drone x2  
  16  0:49  Hatchery  
  15  0:52  Drone  
  15  0:55  Drone  
  17  1:00  Drone  
  18  1:11  Extractor  
  17  1:16  Spawning Pool  
  16  1:20  Drone  
  16  1:24  Drone  
  18  1:28  Drone  
  19  1:38  Drone  
  20  1:49  Overlord  
  20  2:02  Zergling x4, Queen  
  20  2:03  Queen  
  26  2:10  Drone  
  26  2:11  Drone  
  28  2:21  Drone  
  28  2:22  Drone  
  30  2:35  Drone  
  30  2:36  Overlord  
  31  2:38  Queen  
  31  2:39  Pneumatized Carapace  
  31  2:43  Drone  
  31  2:44  Drone  
  35  2:53  Drone  
  35  2:54  Drone  
  37  3:01  Metabolic Boost  
  37  3:08  Drone  
  38  3:14  Drone x2  
  38  3:15  Hatchery, Drone  
  38  3:19  Overlord  
  40  3:23  Drone  
  40  3:24  Drone  
  40  3:26  Drone  
  43  3:32  Drone  
  44  3:37  Queen  
  44  3:39  Drone x2  
  48  3:41  Overlord  
  48  3:42  Overlord  
  48  4:00  Drone x6  
  48  4:01  Queen  
  56  4:07  Drone  
  56  4:08  Evolution Chamber, Drone  
  57  4:12  Hatchery  
  57  4:16  Queen  
  58  4:20  Drone x2  
  61  4:28  Zergling x10  
  66  4:34  Overlord  
  66  4:35  Zerg Ground Armor Level 1  
  66  4:42  Overlord  
  66  4:44  Extractor  
  65  4:46  Zergling x2  
  65  4:48  Overlord  
  65  4:52  Queen  
  66  4:53  Queen  
  66  4:56  Zergling x4  
  66  4:57  Zergling x4  
  66  4:59  Overlord  
  74  5:01  Drone  
  74  5:02  Drone x3  
  79  5:07  Drone x2  
  79  5:08  Lair, Drone  
  79  5:13  Zergling x2  
  82  5:14  Drone x2  
  82  5:16  Drone  
  82  5:18  Baneling Nest  
  82  5:19  Overlord  
  82  5:20  Drone  
  85  5:28  Zergling x14  
  83  5:32  Zergling x2  
  83  5:35  Zergling x2  
  78  5:37  Spawning Pool  
  78  5:39  Drone  
  72  5:52  Drone x4  
  72  5:55  Drone x3  
  77  5:58  Drone  
  78  6:09  Baneling  
  78  6:10  Baneling x3  
  78  6:17  Overlord x2  
  74  6:26  Zergling x12  
  74  6:27  Zergling x4  
  74  6:29  Zergling x4  
  74  6:31  Zergling x6, Queen  
  85  6:34  Centrifical Hooks, Drone x3  
  85  6:38  Drone  
  85  6:39  Queen, Drone  
  90  6:42  Drone  
  90  6:45  Extractor  
  92  6:47  Baneling x2  
  92  6:48  Baneling  
  92  6:50  Zergling x4  
  94  6:54  Drone x4  
  94  6:57  Evolution Chamber  
  94  6:59  Overseer  
  94  7:00  Drone x4  
  101  7:02  Drone x2  
  101  7:03  Drone  
  101  7:08  Drone x2  
  106  7:09  Baneling x2  
  106  7:10  Baneling  
  106  7:11  Hatchery  
  106  7:14  Queen, Extractor  
  106  7:16  Zergling x6  
  109  7:24  Zergling x8  
  112  7:36  Zergling x6  
  112  7:41  Zergling x4, Queen  
  112  7:42  Queen  
  114  7:48  Overlord  
  113  7:55  Zerg Melee Weapons Level 1  
  113  7:58  Baneling x4  
  113  7:59  Overlord x2  
  113  8:03  Hatchery  
  113  8:04  Zergling x2  
  113  8:05  Queen  
  113  8:07  Zergling x10, Hatchery  
  113  8:08  Zergling x4  
  119  8:14  Zergling x2  
  119  8:19  Queen  
  117  8:22  Zergling x8  
  117  8:23  Zergling x2  
  117  8:24  Zergling x2  
  117  8:25  Baneling x6  
  117  8:26  Zergling x6  
  128  8:31  Zergling x2  
  128  8:34  Zergling x4, Baneling  
  130  8:43  Zergling x2  
  130  8:44  Zergling x2  
  130  8:47  Hatchery  
  130  8:48  Overlord  
  130  8:49  Zergling x2  
  130  8:52  Zergling x6  
  128  8:59  Zergling x2  
  111  9:03  Zergling x4  
  111  9:05  Zergling x2  
  111  9:07  Queen x2  
  97  9:11  Baneling  
  97  9:12  Baneling x10  
  97  9:15  Zergling x4  
  97  9:16  Zergling x6  
  100  9:17  Zergling x12  
  100  9:18  Zergling x2, Queen  
  100  9:20  Zergling x2  
  100  9:22  Zergling x2  
  111  9:27  Zergling x6  
  111  9:29  Zergling x2  
  115  9:33  Zergling x2  
  115  9:35  Zergling x4  
  115  9:37  Zergling x2, Queen  
  121  9:42  Zergling x2  
  121  9:43  Zergling x2  
  121  9:45  Zergling x6  
  126  9:46  Baneling x5  
  126  9:48  Zergling x6  
  126  9:50  Zergling x2  
  126  9:52  Zergling x2, Zerg Ground Armor Level 2  
  130  9:57  Zergling x2  
  130  9:58  Zergling x2  
  126  10:00  Zergling x2  
  126  10:01  Zergling x2  
  126  10:04  Zergling x2  
  129  10:10  Zergling x4  
  129  10:13  Zergling x6  
  130  10:20  Overlord  
  130  10:21  Zergling x4  
  130  10:24  Zergling x8  
  130  10:26  Zergling x6  
  133  10:29  Zergling x2  
  133  10:30  Zergling x12  
  133  10:32  Zergling x4  
  141  10:37  Zergling x2  
  139  10:43  Zergling x6  
  139  10:44  Zerg Melee Weapons Level 2  
  139  10:50  Hatchery, Overlord  
  139  10:51  Zergling x4, Burrow  
  139  10:55  Zergling x2  
  140  11:00  Zergling x4  
  137  11:05  Zergling x4  
  137  11:08  Zergling x6  
  140  11:12  Zergling x6  
  140  11:13  Zergling x4  
  140  11:16  Zergling x2  
  140  11:17  Zergling x2  
  138  11:21  Zergling x2  
  138  11:23  Hatchery  
  138  11:24  Zergling x2  
  129  11:26  Zergling x2  
  129  11:28  Zergling x2  
  130  11:34  Zergling x2  
  130  11:35  Zergling x8  
  130  11:37  Zergling x2  
  136  11:43  Drone x5  
  141  11:47  Drone  
  141  11:51  Zergling x2  
  141  11:53  Baneling x7  
  143  11:55  Zergling x4  
  143  12:00  Overlord  
  145  12:01  Zergling x2  
  145  12:05  Zergling x12  
  145  12:07  Zergling x4  
  145  12:08  Zergling x8  
  157  12:11  Zergling x2  
  157  12:12  Baneling  
  157  12:13  Baneling x4  
  158  12:17  Overlord  
  158  12:21  Infestation Pit, Drone x4  
  160  12:25  Zergling x2  
  160  12:29  Baneling x4  
  161  12:30  Baneling x2  
  161  12:32  Drone x3  
  161  12:33  Zergling x4  
  166  12:37  Baneling x5  
  166  12:44  Zergling x2  
  166  12:45  Zergling x16  
  166  12:47  Baneling x3  
  166  12:50  Drone x3  
  174  13:03  Zergling x14  
  174  13:04  Zergling x6  
  177  13:09  Hive  
  177  13:10  Drone x2  
  177  13:11  Drone x2  
  180  13:15  Baneling x11  
  180  13:26  Baneling  
  180  13:27  Baneling x6  
  180  13:31  Zergling x4  
  180  13:34  Zergling x6  
  179  13:38  Zergling x8  
  179  13:40  Overseer  
  172  13:52  Zergling x2  
  172  13:53  Zergling x36  
  172  13:54  Queen  
  169  13:59  Zergling x4  
  169  14:02  Baneling x4  
  166  14:03  Baneling x8  
  166  14:04  Zergling x8  
  166  14:06  Baneling x10  
  166  14:08  Zergling x8  
  171  14:11  Zergling x2  
  152  14:18  Zergling x10  
  152  14:19  Baneling x3  
  152  14:20  Zergling x2, Baneling x4  
  151  14:25  Extractor  
  151  14:30  Zergling x10  
  135  14:32  Zergling x2  
  135  14:35  Baneling x7  
  125  14:41  Zergling x20  
  125  14:44  Queen x2  
  133  14:46  Baneling x2  
  133  14:47  Zergling x10  
  133  14:49  Baneling x10  
  133  14:50  Zergling x2  
  139  14:58  Zergling x2  
  139  14:59  Zergling x6  
  140  15:02  Zergling x2  
  140  15:06  Zergling x6  
  137  15:08  Spore Crawler  
  137  15:10  Zergling x2  
  134  15:17  Zergling x10  
  134  15:19  Zergling x4  
  139  15:22  Spore Crawler  
  132  15:29  Zergling x4  
  132  15:30  Zergling x4  
  132  15:35  Queen  
  124  15:36  Zergling x4  
  124  15:38  Zergling x6  
  124  15:41  Zergling x4  
  114  15:45  Zergling x6  
  114  15:47  Queen x2  
  114  15:49  Zergling x2  
  109  15:51  Baneling  
  109  15:52  Baneling x9  
  109  15:53  Zergling x4  
  109  15:57  Zergling x6  
  111  16:00  Baneling x4  
  111  16:02  Zergling x8  
  111  16:03  Zergling x2  
Show
View Real Time Build Order
Export as new Build Order

TYTY Terran - Winner!

Build Orders: Reaper Expand 

Get SALT Encoding   

  12  0:00  SCV  
  13  0:12  SCV  
  14  0:18  Supply Depot  
  14  0:24  SCV  
  15  0:39  SCV  
  15  0:42  Barracks  
  16  0:43  Refinery  
  16  0:51  SCV  
  17  1:04  SCV  
  18  1:16  SCV  
  19  1:29  Reaper  
  19  1:30  Orbital Command  
  20  1:41  Command Center  
  20  1:52  Barracks  
  20  1:56  SCV  
  21  2:01  Barracks Reactor  
  21  2:07  Supply Depot  
  21  2:09  SCV  
  22  2:21  SCV  
  23  2:25  Factory  
  23  2:28  Refinery  
  23  2:34  SCV  
  24  2:37  Marine  
  24  2:40  Marine, Barracks Tech Lab  
  26  2:49  SCV  
  27  2:55  Marine  
  27  2:57  Marine  
  29  3:03  Orbital Command  
  29  3:05  Stimpack  
  29  3:07  SCV  
  31  3:16  Marine x2  
  31  3:19  SCV  
  34  3:23  Starport  
  33  3:29  Factory Reactor  
  33  3:31  SCV  
  33  3:32  Marine  
  35  3:35  SCV  
  35  3:39  Supply Depot  
  36  3:43  SCV  
  36  3:45  Marine x2  
  36  3:47  SCV  
  40  3:51  Marine  
  42  3:55  SCV  
  42  3:59  SCV  
  43  4:04  Marine x2  
  43  4:06  Supply Depot  
  43  4:07  SCV  
  36  4:10  Medivac x2  
  46  4:13  Widow Mine  
  46  4:15  SCV  
  46  4:16  Marine  
  54  4:19  Supply Depot  
  54  4:27  SCV, Marine x2  
  54  4:28  SCV  
  54  4:30  Supply Depot  
  58  4:36  Factory Tech Lab  
  58  4:37  Marine  
  59  4:39  SCV  
  59  4:40  SCV  
  59  4:43  Supply Depot  
  59  4:45  Marine  
  62  4:51  SCV, Engineering Bay  
  62  4:52  SCV, Marine  
  65  4:56  Siege Tank  
  68  5:03  SCV  
  68  5:04  SCV  
  68  5:05  Refinery  
  68  5:06  Marine  
  71  5:07  Marine  
  71  5:12  Barracks  
  72  5:16  SCV x2  
  72  5:18  Terran Infantry Weapons Level 1, Marine  
  75  5:24  Marine  
  75  5:28  SCV  
  77  5:30  Marine  
  77  5:31  SCV  
  77  5:33  Siege Tank  
  82  5:36  Marine  
  82  5:38  Combat Shield  
  82  5:42  Marine  
  84  5:48  Marine  
  84  5:54  Medivac, Marine  
  84  5:59  Marine  
  84  6:02  Supply Depot, Marine  
  84  6:03  Supply Depot, Marine  
  86  6:06  Barracks x2  
  86  6:19  Marine  
  86  6:22  Marine  
  86  6:23  Marine x2, Siege Tank  
  88  6:29  Medivac  
  88  6:30  Marine  
  88  6:31  SCV x2  
  77  6:37  Marine  
  77  6:39  Marine  
  78  6:41  Refinery, Marine x2  
  83  6:47  Marine  
  82  6:54  Barracks Reactor  
  82  6:55  Barracks Reactor, Marine, Siege Tank  
  82  6:56  Command Center  
  82  6:58  Marine  
  82  6:59  Marine x2  
  89  7:01  Starport Reactor  
  89  7:07  Marine  
  90  7:09  Supply Depot  
  90  7:10  Supply Depot  
  90  7:12  Marine  
  93  7:16  Marine x2  
  93  7:17  Terran Infantry Armor Level 1  
  93  7:19  Marine  
  93  7:21  SCV x2  
  96  7:25  Marine  
  97  7:30  Marine  
  97  7:31  Marine x3  
  97  7:32  Marine  
  97  7:33  Siege Tank  
  97  7:34  Marine  
  105  7:39  Marine x2  
  105  7:43  Marine  
  108  7:48  Marine  
  108  7:49  Marine x3, Liberator x2  
  114  7:52  Marine x2  
  114  7:56  Marine  
  117  7:59  Marine  
  118  8:06  Supply Depot  
  118  8:07  Supply Depot, Marine x3  
  118  8:12  Siege Tank  
  124  8:18  Marine x2  
  124  8:19  Marine x4  
  130  8:24  Marine  
  131  8:31  Marine x2  
  131  8:34  Liberator  
  135  8:36  Marine  
  135  8:39  Marine x3  
  139  8:45  Orbital Command  
  139  8:48  Armory  
  137  8:56  Marine x5  
  132  9:08  Marine  
  132  9:09  Marine x3  
  109  9:15  Marine  
  109  9:16  Orbital Command  
  110  9:21  Marine x4  
  116  9:26  Marine x2  
  116  9:27  Medivac, Marine, Siege Tank  
  122  9:33  Marine  
  122  9:35  Marine  
  124  9:38  Medivac  
  124  9:39  Marine x4  
  128  9:52  Terran Infantry Weapons Level 2  
  128  9:54  SCV  
  124  10:00  SCV x2  
  124  10:01  Siege Tank  
  124  10:05  Drilling Claws  
  124  10:06  SCV  
  130  10:11  Medivac  
  130  10:12  SCV, Medivac  
  130  10:13  SCV  
  133  10:19  SCV  
  133  10:25  SCV x2  
  135  10:31  SCV  
  136  10:36  Command Center  
  138  10:47  Medivac x2, Engineering Bay  
  140  10:50  Missile Turret, Widow Mine  
  140  10:51  Sensor Tower  
  140  10:56  Barracks x2  
  142  10:58  SCV  
  142  10:59  SCV x2  
  144  11:09  Marine x8  
  152  11:14  Barracks  
  137  11:19  Terran Infantry Armor Level 2  
  137  11:24  Medivac x2  
  136  11:31  Marauder  
  129  11:34  Concussive Shells  
  129  11:37  SCV  
  129  11:38  SCV x2  
  130  11:43  Marauder, Marine x4  
  130  11:44  Barracks Tech Lab x2  
  140  11:47  Widow Mine x2  
  140  11:53  Marauder  
  142  11:54  Marine x2  
  142  12:01  SCV x3  
  147  12:04  Marauder  
  147  12:07  Barracks Tech Lab  
  148  12:09  Marauder x2, Marine x4  
  148  12:11  Widow Mine x2  
  148  12:12  Planetary Fortress  
  160  12:21  Medivac x2  
  160  12:22  Marine x2  
  165  12:24  Supply Depot  
  165  12:26  Supply Depot  
  165  12:27  Marine x2  
  165  12:28  Marine x2  
  165  12:29  Marauder  
  171  12:44  Supply Depot  
  171  12:45  Supply Depot  
  171  12:46  Marauder x2, Widow Mine x2  
  171  12:47  Supply Depot, Terran Infantry Weapons Level 3  
  171  12:48  Marauder  
  181  12:54  Marauder x2  
  177  12:58  Marine  
  177  12:59  Marine x5  
  179  13:07  Marine x2  
  179  13:08  Marine  
  179  13:09  Medivac, Widow Mine x2  
  186  13:17  Marine x2  
  188  13:20  Marine x2  
  188  13:21  Marine x2  
  190  13:30  Widow Mine  
  190  13:34  Marauder x2, Marine x2  
  187  13:37  Widow Mine  
  187  13:38  Liberator x2  
  187  13:39  Marine x3  
  187  13:40  Marine  
  198  13:51  Widow Mine  
  193  14:01  Command Center  
  184  14:07  Marauder x2, Marine x4  
  184  14:08  Marauder  
  194  14:11  Widow Mine  
  187  14:18  Orbital Command  
  187  14:21  Liberator x2  
  191  14:28  Marine x3  
  191  14:30  Marine x2  
  162  14:32  Marauder x3, Marine x2  
  168  14:39  Marine  
  165  14:45  Marine  
  165  14:46  Marine x2  
  165  14:48  Marine x2  
  165  14:50  Marine  
  167  14:54  Widow Mine x2  
  169  15:00  Marine  
  169  15:01  Marine x2  
  169  15:02  SCV x2, Marine x2  
  169  15:03  Marine  
  177  15:09  Liberator  
  177  15:13  Marine  
  177  15:16  Widow Mine x2  
  179  15:24  Marine x3  
  179  15:32  Marine x5  
  179  15:33  Marine x3  
  168  15:38  SCV x2, Orbital Command  
  168  15:40  Widow Mine x2  
  168  15:41  Marine  
  168  15:42  Marine  
  163  15:47  Marine  
  163  15:50  Marine x3  
  163  15:53  Marine  
  163  15:55  SCV x2  
  170  16:07  Marine x3  

Tags
 
Add a new tag
Caveats
  • Supply blocks, unpowered buildings, or Contaminate may cause inaccurate times.
  • Supply counts are checked every 10 seconds.